 Dungeon Crawl Stone Soup version 0.28-a0-802-g09f76e8c00 (webtiles) character file.

Game seed: 9469591206096605379

263 iamoutofideas the Firebug (level 5, 0/35 HPs)
             Began as a Demonspawn Fire Elementalist on Nov 6, 2021.
             Slain by Duvessa (12 damage)
             ... on level 3 of the Dungeon.
             The game lasted 00:05:02 (3854 turns).

iamoutofideas the Firebug (DsFE)                    Turns: 3854, Time: 00:05:03

Health: 0/35       AC:  5    Str:  6 (9)  XL:     5   Next: 97%
Magic:  1/10       EV: 13    Int: 15 (17) God:
Gold:   88         SH:  0    Dex: 18 (19) Spells: 1/11 levels left

rFire   . . .      SeeInvis .   i - +7 club
rCold   . . .      Faith    .   (no shield)
rNeg    . . .      Spirit   .   a - +0 robe
rPois   .          Reflect  .   c - +2 helmet
rElec   .          Harm     .   (no cloak)
rCorr   .          Rampage  .   (no gloves)
Will    .....                   (no boots)
Stlth   ++........              (no amulet)
HPRegen 0.11/turn               f - +6 ring of dexterity
MPRegen 0.12/turn               (no ring)

@: no status effects
A: ignite blood 1, weakness stinger 1
a: no special abilities


You were on level 3 of the Dungeon.
You visited 1 branch of the dungeon, and saw 4 of its levels.

You collected 88 gold pieces.

Inventory:

Hand Weapons
 e - a +0 dagger
 i - a +7 club (weapon)
 j - the +3 whip "Xoeckah" {vorpal, rPois Dex+5}
   (You found it on level 4 of the Dungeon)

   It inflicts extra damage upon your enemies.
   Dex:       It affects your dexterity (+5).
   rPois:     It protects you from poison.
Armour
 a - a +0 robe (worn)
 c - a +2 helmet (worn)
Jewellery
 f - a +6 ring of dexterity (left hand)
Wands
 h - a wand of iceblast (6)
Scrolls
 b - 2 scrolls of identify {unknown}
 d - 2 scrolls of torment {unknown}
 g - 3 scrolls of brand weapon {unknown}


   Skills:
 + Level 0.3 Fighting
 + Level 2.6 Dodging
 - Level 1.7 Stealth
 + Level 3.6 Spellcasting
 + Level 2.6 Conjurations
 + Level 4.2 Fire Magic


You had one spell level left.
You knew the following spells:

 Your Spells              Type           Power      Damage    Failure   Level
a - Foxfire               Conj/Fire      48%        2x1d6     4%          1
b - Scorch                Fire           30%        2d6       4%          2
c - Flame Wave            Conj/Fire      12%        3d4       43%         4
d - Stone Arrow           Conj/Erth      12%        3d7       32%         3

Your spell library contained the following spells:

 Spells                   Type           Power      Damage    Failure   Level
 Sandblast                Erth           4%         2d4       19%         1
 Conjure Flame            Conj/Fire      12%        6-21      14%         3
 Inner Flame              Hex/Fire       9%         N/A       24%         3
 Passwall                 Tmut/Erth      1%         N/A       28%         2
 Gell's Gravitas          Tloc           2%         N/A       50%         3
 Lesser Beckoning         Tloc           2%         N/A       50%         3
 Teleport Other           Tloc           2%         N/A       50%         3


Dungeon Overview and Level Annotations

Branches:
Dungeon (4/15)
 Temple: D:4-7

Altars:

Annotations:
D:3 exclusion: 2 downstairs, Dowan, Duvessa


Innate Abilities, Weirdness & Mutations

Your demonic aura sometimes causes spilled blood to erupt in flames.
You have a small tail.


Message History

Dowan points at Duvessa and mumbles some strange words.
Duvessa seems to speed up.
Casting: Foxfire (safe; 4% risk of failure)
Confirm with . or Enter, or press ? or * to list all spells.
You conjure some foxfire!
The foxfire hits Duvessa.
Duvessa is severely wounded.
The foxfire hits Duvessa but does no damage.
Duvessa is severely wounded.
Duvessa says, "Did you see that move?
Perfect!"
The foxfire hits Duvessa but does no damage.
Duvessa is severely wounded.
Unknown command.
Casting: Foxfire (safe; 4% risk of failure)
Confirm with . or Enter, or press ? or * to list all spells.
You don't have enough magic to cast this spell.
Unknown command.
The foxfire hits Duvessa but does no damage.
Duvessa is severely wounded.
There is a stone staircase leading up here.
You barely miss Duvessa.
Duvessa is severely wounded.
Duvessa hits you with a +0 rapier!
Duvessa says, "When magic and the sword combine, nothing stands against them."
Duvessa barely misses you.
You hit Duvessa but do no damage.
Duvessa is severely wounded.
Duvessa closely misses you. Duvessa hits you with a +0 rapier.
Dowan closely misses you. Duvessa hits you but does no damage.
You climb upwards.
Level annotation: exclusion: 2 downstairs
There is a stone staircase leading down here.
Unknown command.
Duvessa gestures with her weapon.
Dowan smirks and points a slender finger.
Dowan mumbles some strange words.
Dowan blinks!
Duvessa hits you with a +0 rapier. Duvessa hits you with a +0 rapier!
You die...

### #.##
#..##########
#...........######
#.#.>.............
#e#..ยง......######
#@#.........#
#.#.........#
#.#.........#
#.#.........#
#.#e.....(..#
#.#.........#
#.#.........#
#.#.........##
#.#####.###..## #


You could see Duvessa (fast).

Vanquished Creatures
  Pargi (D:4)
  A howler monkey (D:3)
  Ijyb (D:3)
  Robin (D:2)
  2 adders (D:2)
  A worm (D:2)
  2 bats (D:1)
  8 endoplasms
  3 giant cockroaches (D:2)
  16 goblins
  10 hobgoblins
  5 jackals (D:1)
  2 quokkas
  2 ball pythons (D:3)
  2 frilled lizards
  7 kobolds
  5 rats
69 creatures vanquished.

Vanquished Creatures (collateral kills)
  A foxfire (D:1)
1 creature vanquished.

Vanquished Creatures (others)
  272 foxfires
272 creatures vanquished.

Grand Total: 342 creatures vanquished

Notes
Turn   | Place    | Note
-------+----------+-------------------------------------------
     0 | D:1      | iamoutofideas the Demonspawn Fire Elementalist began the
                  | quest for the Orb.
     0 | D:1      | Reached XP level 1. HP: 13/13 MP: 3/3
   227 | D:1      | Gained mutation: You have a small tail. [demonic ancestry]
   227 | D:1      | Reached XP level 2. HP: 19/19 MP: 1/5
   445 | D:1      | Learned a level 2 spell: Scorch
   690 | D:1      | Found a faded altar of an unknown god.
   697 | D:1      | Reached skill level 3 in Fire Magic
   944 | D:1      | Reached XP level 3. HP: 24/24 MP: 0/6
  2440 | D:3      | Reached XP level 4. HP: 30/30 MP: 2/8
  2604 | D:3      | Noticed Robin
  2633 | D:2      | Killed Robin
  3039 | D:3      | Gained mutation: Your demonic aura sometimes causes spilled
                  | blood to erupt in flames. [demonic ancestry]
  3039 | D:3      | Reached XP level 5. HP: 31/35 MP: 2/9
  3119 | D:3      | Noticed Ijyb
  3131 | D:3      | Killed Ijyb
  3439 | D:4      | Noticed Dowan
  3440 | D:4      | Noticed Duvessa
  3447 | D:3      | Learned a level 4 spell: Flame Wave
  3451 | D:3      | Learned a level 3 spell: Stone Arrow
  3455 | D:4      | Noticed Pargi
  3735 | D:4      | Identified the +3 whip "Xoeckah" {vorpal, rPois Dex+5}
  3744 | D:4      | Killed Pargi
  3745 | D:4      | Reached skill level 4 in Fire Magic
  3854 | D:3      | Slain by Duvessa

Illustrated notes

Levels and vault maps discovered:
D:1:      evilmike_arrival_home_sweet_home, layout_rooms,
          ebering_ecumenical_altar_mist
D:2:      layout_basic
D:3:      layout_rooms, uniq_ijyb, uniq_robin
D:4:      layout_rooms, mainiacjoe_overflow_swirl, kennysheep_mini_moat,
          minmay_temple_entry_slanted, hangedman_decor_riveting,
          solitary_fountain, uniq_duvessa, uniq_sigmund, uniq_pargi

Skill      XL: |  1  2  3  4  5 |
---------------+----------------+-----
Dodging        | 2 |  2.6
Fire Magic     | 3 4 |  4.2
Conjurations   | 2 |  2.6
Spellcasting   | 3 |  3.6
Fighting       | |  0.3
Stealth        | |  1.7

Action                   |  1- 3 |  4- 6 || total
-------------------------+-------+-------++-------
Melee: Unarmed           |    16 |    21 ||    37
       Tailslap          |     1 |     4 ||     5
       Club              |       |     2 ||     2
 Cast: Foxfire           |   102 |    61 ||   163
       Scorch            |     2 |     8 ||    10
  Use: Potion            |       |     2 ||     2
Armor: Robe              |     8 |    22 ||    30
Dodge: Dodged            |    35 |    70 ||   105

Table legend: (Time is in decaauts)
 A = Elapsed time spent in this place.
 B = Non-inter-level travel time spent in this place.
 C = Inter-level travel time spent in this place.
 D = Time resting spent in this place.
 E = Time spent auto-exploring this place.
 F = Levels seen in this place.
 G = Mean time per level.
                   A        B        C        D        E       F      G
               +--------+--------+--------+--------+--------+-----+--------+
         Total |   3861 |   3781 |     80 |   1312 |   1858 |   4 |  965.2 |
       Dungeon |   3861 |   3781 |     80 |   1312 |   1858 |   4 |  965.2 |
               +--------+--------+--------+--------+--------+-----+--------+

Top non-repeatable levels by time:
     D:2: 1447 daAuts
     D:1: 1324 daAuts
     D:3: 899 daAuts
     D:4: 189 daAuts
